Workbook
Name _Toc105952697: '7'!#REF!
Name _Toc105952698: '7'!#REF!
Name п: #REF!

Sheet 1
A1: ПРОЕКТ | C1: Приложение № 1 к Решению «О бюджете муниципального образование Узнезинское сельское поселение" на 2025 год и на плановый период 2026-2027 годов»
C2: Приложение № 1 к Решению «О бюджете муниципального образование Узнезинское сельское поселение" на 2025 год и на плановый период 2026-2027 годов»
A4: Источники финансирования дефицита местного бюджета на 2025 год
C6: (тыс. рублей)
B7: Код бюджетной классификации | C7: Сумма
A8: Дефицит бюджета | C8: 993.82
A9: Источники внутреннего финансирования дефицита бюджета: | B9: 801 01 00 00 00 00 0000 000
A10: в том числе:
A11: Изменение остатков средств на счетах по учету средств бюджетов сельских поселений | B11: 801 01 05 00 00 00 0000 000 | C11: 993.8
A12: Кредиты кредитных организаций в валюте Российской Федерации | B12: 801 01 02 00 00 00 0000 000
A13: Получение кредитов от кредитных организаций в валюте Российской Федерации | B13: 801 01 02 00 00 10 0000 700
A14: Получение кредитов от кредитных организаций бюджетами сельских поселений в валюте Российской Федерации | B14: 801 01 02 00 00 10 0000 710
A15: Погашение кредитов, предоставленных кредитными организациями в валюте Российской Федерации | B15: 801 01 02 00 00 10 0000 800
A16: Погашение бюджетами сельских поселений кредитов от кредитных организаций в валюте Российской Федерации | B16: 801 01 02 00 00 10 0000 810
A17: Бюджетные кредиты от других бюджетов бюджетной системы Российской Федерации | B17: 801 01 03 00 00 00 0000 000
A18: Получение бюджетных кредитов от других бюджетов бюджетной системы Российской Федерации в валюте Российской Федерации | B18: 801 01 03 01 00 10 0000 700
A19: Получение кредитов от других бюджетов бюджетной системы Российской Федерации местными бюджетами в валюте Российской Федерации | B19: 801 01 03 01 00 10 0000 710
A20: Погашение бюджетных кредитов, полученных от других бюджетов бюджетной системы Российской Федерации в валюте Российской Федерации | B20: 801 01 03 01 00 10 0000 800
A21: Погашение местными бюджетами кредитов от других бюджетов бюджетной системы Российской Федерации в валюте Российской Федерации | B21: 801 01 03 01 00 10 0000 810
A22: Иные источники внутреннего финансирования дефицитов бюджетов | B22: 801 01 06 00 00 00 0000 000
A23: Акции и иные формы участия в капитале, находящиеся в государственной и муниципальной собственности | B23: 801 01 06 01 00 00 0000 000
... A29: Возврат бюджетных кредитов, предоставленных другим бюджетам бюджетной системы Российской Федерации из бюджетов сельских поселений в валюте Российской Федерации | B29: 801 01 06 05 02 10 0000 640

Sheet 3
D1: Приложение № 2 к Решению «О бюджете муниципального образование Узнезинское сельское поселение" на 2025 год и на плановый период 2026-2027 годов»
D2: Приложение № 3 к Решению «О бюджете муниципального образование Узнезинское сельское поселение" на 2025 год и на плановый период 2026-2027 годов»
A4: Объем поступлений доходы в местный бюджета по основным источникам на 2025 год
B7: Код бюджетной классификации Российской Федерации | C7: Наименование доходов | D7: 2025 | E7: Изменения (+;-) | F7: Сумма с учетом изменений на 2025 г.
A8: 1 | B8: 2 | C8: 3 | E8: 4 | F8: 5
A9: 000 | B9: 1 00 00000 00 0000 000 | C9: Налоговые и неналоговые доходы | D9: =D10+D22 -> 11761.2 | E9: =E10+E22 -> 1804 | F9: =F10+F22 -> 13565.2
C10: НАЛОГОВЫЕ ДОХОДЫ | D10: =D11+D15+D17+D14 -> 11691.4 | E10: =F10-D10 -> 1804 | F10: =F11+F15+F17+F14 -> 13495.4
A11: 000 | B11: 1 01 00000 00 0000 000 | C11: Налоги на прибыль, доходы | D11: =D12 -> 692.9 | E11: =F11-D11 -> 0 | F11: =F12 -> 692.9
A12: 182 | B12: 1 01 02000 01 0000 110 | C12: Налог на доходы физических лиц | D12: 692.9 | E12: =F12-D12 -> 0 | F12: 692.9
A13: 000 | B13: 1 03 03000 00 0000 000 | C13: Туристический налог | D13: =D14 -> 5700 | E13: =E14 -> 500 | F13: =F14 -> 6200
A14: 182 | B14: 1 03 03000 01 0000 110 | C14: Туристический налог | D14: 5700 | E14: =F14-D14 -> 500 | F14: 6200
A15: 000 | B15: 1 05 00000 00 0000 000 | C15: Налоги на совокупный доход | D15: =D16 -> 2.5 | E15: =F15-D15 -> 0 | F15: =F16 -> 2.5
A16: 182 | B16: 1 05 03000 00 0000 110 | C16: Единый сельскохозяйственный налог | D16: 2.5 | E16: =F16-D16 -> 0 | F16: 2.5
A17: 000 | B17: 1 06 00000 00 0000 000 | C17: Налоги на имущество | D17: =D18+D19 -> 5296 | E17: =F17-D17 -> 1304 | F17: =F18+F19 -> 6600
A18: 182 | B18: 1 06 01000 00 0000 110 | C18: Налог на имущество физических лиц | D18: 1021.6 | E18: =F18-D18 -> 678.4 | F18: 1700
A19: 182 | B19: 1 06 06000 00 0000 110 | C19: Земельный налог | D19: 4274.4 | E19: =E20+E21 -> 625.6 | F19: =F20+F21 -> 4900
A20: 182 | B20: 1 06 06030 00 0000 110 | C20: Земельный налог с организаций | D20: 1500 | E20: =F20-D20 -> 400 | F20: 1900
A21: 182 | B21: 1 06 06040 00 0000 110 | C21: Земельный налог с физических лиц | D21: 2774.4 | E21: =F21-D21 -> 225.6 | F21: 3000
C22: НЕНАЛОГОВЫЕ ДОХОДЫ | D22: =D24+D23 -> 69.8 | E22: =F22-D22 -> 0 | F22: =F24+F23 -> 69.8
A23: 801 | B23: 1 14 06325 10 0000 430 | C23: Плата за увеличение площади земельных участков, находящихся в частной собственности, в результате перераспределения таких земельных участков и земельных участков, находящихся в соьственности сельских поселений | D23: 64.8 | E23: =F23-D23 -> 0 | F23: 64.8
A24: 801 | B24: 1 16 00000 00 0000 000 | C24: Доходы от денежных взысканий (штрафов), поступающие в счет погашения задолженности, образовавшейся до 1 января 2020 года, подлежащие зачислению в бюджет муниципального образования по нормативам, действовавшим в 2019 году | D24: 5 | E24: =F24-D24 -> 0 | F24: 5
A25: 801 | B25: 2 00 00000 00 0000 000 | C25: БЕЗВОЗМЕЗДНЫЕ ПОСТУПЛЕНИЯ | D25: =D28+D30+D33+D29+D37+D38 -> 25759.7 | E25: =F25-D25 -> -1411.7 | F25: =F28+F30+F33+F29+F37+F38 -> 24348
A26: 801 | B26: 2 02 00000 00 0000 000 | C26: Безвозмездные поступления от других бюджетов бюджетной системы Российской Федерации | D26: =D28+D29+D30+D35+D34 -> 24985.9 | E26: =F26-D26 -> -1587.9 | F26: =F28+F29+F30+F35+F34 -> 23398
A27: 801 | B27: 2 02 10000 00 0000 150 | C27: Дотации бюджетам бюджетной системы Российской Федерации | D27: =D28+D29 -> 4041.6 | E27: =E28+E29 -> 0 | F27: =F28+F29 -> 4041.6
A28: 801 | B28: 2 02 16001 10 0000 150 | C28: Дотации бюджетам сельских поселений на выравнивание бюджетной обеспеченности | D28: 611.1 | E28: =F28-D28 -> 0 | F28: 611.1
A29: 801 | B29: 2 02 16001 10 0000 150 | C29: Дотации бюджетам сельских поселений на выравнивание бюджетной обеспеченности | D29: 3430.5 | E29: =F29-D29 -> 0 | F29: 3430.5
A30: 801 | B30: 2 02 30000 00 0000 150 | C30: Субвенции бюджетам бюджетной системы Российской Федерации | D30: =D31+D32 -> 210.8 | E30: =E31+E32 -> 1.4 | F30: =F31+F32 -> 212.2
A31: 801 | B31: 2 02 30041 00 0000 150 | C31: Субвенции бюджетам сельских поселений на осуществление государственных полномочий Республики Алтай в области законодательства об административных правонарушений | D31: 19.5 | E31: =F31-D31 -> 0 | F31: 19.5
A32: 801 | B32: 2 02 35118 10 0000 150 | C32: Субвенции бюджетам сельских поселений на осуществление первичного воинского учета на территориях, где отсутствуют военные комиссариаты | D32: 191.3 | E32: =F32-D32 -> 1.4 | F32: 192.7
A33: 801 | B33: 2 02 40000 00 0000 150 | C33: Иные межбюджетные трансферты бюджетам бюджетной системы Российской Федерации | D33: =D34+D35 -> 20733.5 | E33: =F33-D33 -> -1589.3 | F33: =F34+F35 -> 19144.2
A34: 801 | B34: 202 40014 10 0000 150 | C34: Межбюджетные трансферты,передаваемые бюджетам сельских поселений из бюджетов муниципальных районов на осуществление части полномочий по решению вопросов местного значения в соответствии с заключенными соглашениями | D34: 748.7 | E34: =F34-D34 -> 600 | F34: 1348.7
A35: 801 | B35: 2 02 49999 10 0000 150 | C35: Прочие межбюджетные трансферты,передаваемые бюджетам сельских поселений | D35: 19984.8 | E35: =F35-D35 -> -2189.3 | F35: 17795.5
A36: 801 | B36: 2 07 00000 00 000 000 | C36: Прочие безвозмездные поступления | D36: =D37 -> 800 | E36: =E37 -> 150 | F36: =F37 -> 950
A37: 801 | B37: 2 07 05020 10 0000 150 | C37: Поступления от денежных пожертвований, предоставляемых физическими лицами получателям средств сельских поселений | D37: 800 | E37: =F37-D37 -> 150 | F37: 950
A38: 801 | B38: 2 08 05000 10 0000 150 | C38: Перечисления из бюджета сельских поселений (в бюджеты поселений) для осущеаствления возврата (зачета) излишне уплаченых или излишне взысканных сумм налогов, сборов и иных платежей, а также сумм процентов | D38: -26.2 | E38: =F38-D38 -> 26.2 | F38: 0
C39: ВСЕГО ДОХОДОВ | D39: =D9+D25 -> 37520.9 | E39: =F39-D39 -> 392.3 | F39: =F9+F25 -> 37913.2

Sheet 5
E1: Приложение № 3 к Решению «О бюджете муниципального образование Узнезинское сельское поселение" на 2025 год и на плановый период 2026-2027 годов»
E2: Приложение № 5 к Решению «О бюджете муниципального образование Узнезинское сельское поселение" на 2025 год и на плановый период 2026-2027 годов»
A4: Распределение бюджетных ассигнований по разделам, подразделам функциональной классификации расходов местного бюджета на 2025 год
G6: (тыс. рублей)
A7: Наименование показателя | B7: Раздел | C7: Подраздел | D7: 2018 год | E7: 2025 год | F7: Изменения (+;-) | G7: Сумма с учетом изменений на 2025 год
D8: Изменения (+;-)
A9: 1 | B9: 2 | C9: 3 | D9: 4 | F9: 4 | G9: 5
A10: ОБЩЕГОСУДАРСТВЕННЫЕ ВОПРОСЫ | B10: 01 | D10: =D12+D13+D16 -> 0 | E10: ='7'!G12 -> 9591.1 | F10: ='7'!H12 -> 400 | G10: ='7'!I12 -> 9991.1
A11: Основное мероприятия "Обеспечение функционорования органов местного самоуправления"
A12: Функционирование высшего должностного лица субъекта Российской Федерации и муниципального образования | B12: 01 | C12: 02 | E12: ='7'!G13 -> 759 | F12: ='7'!H13 -> 0 | G12: ='7'!I13 -> 759
A13: Функционирование Правительства Российской Федерации, высших исполнительных органов государственной власти субъектов Российской Федерации, местных администраций | B13: 01 | C13: 04 | E13: ='7'!G18 -> 3080.2 | F13: ='7'!H18 -> 400 | G13: ='7'!I18 -> 3480.2
A14: Обеспечение эффективного управления муниципальными финансами | B14: 01 | C14: 06 | E14: ='7'!G32 -> 0.2 | F14: ='7'!H32 -> 0 | G14: ='7'!I32 -> 0.2
A15: Резервный фонд местной администрации | B15: 01 | C15: 11 | E15: ='7'!G35 -> 60 | F15: ='7'!H35 -> 0 | G15: ='7'!I35 -> 60
A16: Другие общегосударственные вопросы | B16: 01 | C16: 13 | E16: ='7'!G38 -> 5691.7 | F16: ='7'!H38 -> 0 | G16: ='7'!I38 -> 5691.7
A17: НАЦИОНАЛЬНАЯ ОБОРОНА | B17: 02 | D17: =D18 -> 0 | E17: ='7'!G53 -> 191.3 | F17: ='7'!H53 -> 1.4 | G17: ='7'!I53 -> 192.7
A18: Мобилизационная и вневойсковая подготовка | B18: 02 | C18: 03 | E18: ='7'!G54 -> 191.3 | F18: ='7'!H54 -> 1.4 | G18: ='7'!I54 -> 192.7
A19: НАЦИОНАЛЬНАЯ БЕЗОПАСНОСТЬ И ПРАВООХРАНИТЕЛЬНАЯ ДЕЯТЕЛЬНОСТЬ | B19: 03 | D19: =D21+D22 -> 0 | E19: ='7'!G58 -> 360.8 | F19: ='7'!H58 -> 55 | G19: ='7'!I58 -> 415.8
A20: Защита населения и территории от последствий чрезвычайных ситуаций природного и техногенного характера, гражданская оборона | B20: 03 | C20: 09 | E20: ='7'!G59 -> 300 | F20: ='7'!H59 -> 0 | G20: ='7'!I59 -> 300
A21: Обеспечение пожарной безопасности | B21: 03 | C21: 10 | E21: ='7'!G63 -> 40.8 | F21: ='7'!H63 -> 55 | G21: ='7'!I63 -> 95.8
A22: Другие вопросы в области национальной безопасности и правоохранительной деятельности | B22: 03 | C22: 14 | E22: ='7'!G67 -> 20 | F22: ='7'!H67 -> 0 | G22: ='7'!I67 -> 20
A23: НАЦИОНАЛЬНАЯ ЭКОНОМИКА | B23: 04 | D23: =D24+D26 -> 0 | E23: ='7'!G74 -> 1000 | F23: ='7'!H74 -> 600 | G23: ='7'!I74 -> 1600
A24: Дорожное хозяйство (дорожные фонды) | B24: 04 | C24: 09 | F24: =G24-E24 -> 0
A25: Дорожное хозяйство (дорожные фонды) | B25: 04 | C25: 09 | E25: ='7'!G75 -> 600 | F25: ='7'!H75 -> 600 | G25: ='7'!I75 -> 1200
A26: Другие вопросы в области национальной экономики | B26: 04 | C26: 12 | E26: ='7'!G78 -> 400 | F26: ='7'!H78 -> 0 | G26: ='7'!I78 -> 400
A27: ЖИЛИЩНО-КОММУНАЛЬНОЕ ХОЗЯЙСТВО | B27: 05 | D27: =SUM(D28:D31) -> 0 | E27: ='7'!G81 -> 6871 | F27: ='7'!H81 -> -551 | G27: ='7'!I81 -> 6320
A28: Жилищное хозяйство | B28: 05 | C28: 01 | F28: =G28-E28 -> 0
A29: Коммунальное хозяйство | B29: 05 | C29: 02 | F29: =G29-E29 -> 0
A30: Коммунальное хозяйство | B30: 05 | C30: 02 | E30: ='7'!G82 -> 539.3 | F30: ='7'!H82 -> 0 | G30: ='7'!I82 -> 539.3
A31: Благоустройство | B31: 05 | C31: 03 | E31: ='7'!G89 -> 6331.7 | F31: ='7'!H89 -> -551 | G31: ='7'!I89 -> 5780.7
A32: КУЛЬТУРА, КИНЕМАТОГРАФИЯ | B32: 08 | D32: =D33 -> 0 | E32: ='7'!G97 -> 20500.5 | F32: ='7'!H97 -> -113.1 | G32: ='7'!I97 -> 20387.4
A33: Культура | B33: 08 | C33: 01 | E33: ='7'!G98 -> 20500.5 | F33: ='7'!H98 -> -113.1 | G33: ='7'!I98 -> 20387.4
A34: ВСЕГО РАСХОДОВ | D34: =D10+D17+D19+D23+D27+D32+#REF!+#REF! -> #REF! | E34: =E10+E17+E19+E23+E27+E32 -> 38514.7 | F34: =F10+F17+F19+F23+F27+F32 -> 392.3 | G34: =G10+G17+G19+G23+G27+G32 -> 38907

Sheet 7
H4: Приложение № 4 к Решению «О бюджете муниципального образование Узнезинское сельское поселение" на 2025 год и на плановый период 2026-2027 годов»
H5: Приложение № 7 к Решению «О бюджете муниципального образование Узнезинское сельское поселение" на 2025 год и на плановый период 2026-2027 годов»
A7: Распределение бюджетных ассигнований по разделам, подразделам, целевым статьям (муниципальным программам и непрограммным направлениям деятельности), группам (группам и подгруппам) видов расходов классификации расходов местного бюджета на 2025 год
H9: (тыс. рублей)
A10: № п/п | B10: Наименование показателей | C10: Раздел | D10: Подраздел | E10: Целевая статья | F10: Вид расходов | G10: Утвержденные показатели на 2025 г. | H10: Изменения (+/-) | I10: Сумма с учетом изменений на 2025 год | J10: изменения(+,-) | K10: сумма с учетом изменений на 2022г
A11: 1 | B11: 2 | C11: 3 | D11: 4 | E11: 5 | F11: 6 | G11: 7 | H11: 7
A12: 1. | B12: Общегосударственные вопросы | C12: 01 | G12: =G13+G18+G38+G32+G35 -> 9591.1 | H12: =H13+H18+H38+H32+H35 -> 400 | I12: =I13+I18+I38+I32+I35 -> 9991.1
A13: 1.1 | B13: Функционирование высшего должностного лица субъекта РФ и муниципального образования | C13: 01 | D13: 02 | G13: =G14 -> 759 | H13: =H14 -> 0 | I13: =I14 -> 759
B14: Глава муниципального образования | C14: 01 | D14: 02 | E14: 0110101000 | G14: =G15+G17+G16 -> 759 | H14: =H15+H16+H17 -> 0 | I14: =I15+I17+I16 -> 759
B15: Фонд оплаты труда государственных (муниципальных) органов | C15: 01 | D15: 02 | E15: 0110101110 | F15: 121 | G15: 549.3 | H15: =I15-G15 -> 0 | I15: 549.3
B16: Иные выплаты персоналу государственных (муниципальных) органов, за исключением фонда оплаты труда | C16: 01 | D16: 02 | E16: 0110101120 | F16: 122 | G16: 32.9 | H16: =I16-G16 -> 0 | I16: 32.9
B17: Взносы по обязательному социальному страхованию на выплаты денежного содержания и иные выплаты работникам государственных (муниципальных) органов | C17: 01 | D17: 02 | E17: 0110101110 | F17: 129 | G17: 176.8 | H17: =I17-G17 -> 0 | I17: 176.8
A18: 1.2 | B18: Функционирование Правительства Российской Федерации, высших исполнительных органов государственной власти субъектов Российской Федерации, местных администраций | C18: 01 | D18: 04 | G18: =G19 -> 3080.2 | H18: =H19 -> 400 | I18: =I19 -> 3480.2
B19: Материально-техническое обеспечение администрации муниципального образования | C19: 01 | D19: 04 | E19: 011У100000 | G19: =G20+G24 -> 3080.2 | H19: =H20+H24 -> 400 | I19: =I20+I24 -> 3480.2
B20: Расходы на выплаты по оплате труда работников администрации муниципального образования | C20: 01 | D20: 04 | E20: 011У101000 | G20: =G21+G22+G23 -> 569.3 | H20: =H21+H22+H23 -> 0 | I20: =I21+I22+I23 -> 569.3
B21: Фонд оплаты труда государственных (муниципальных) органов | C21: 01 | D21: 04 | E21: 011У101110 | F21: 121 | G21: 408.4 | H21: =I21-G21 -> 0 | I21: 408.4
B22: Иные выплаты персоналу государственных (муниципальных) органов, за исключением фонда оплаты труда | C22: 01 | D22: 04 | E22: 011У101120 | F22: 122 | G22: 26.9 | H22: =I22-G22 -> 0 | I22: 26.9
B23: Взносы по обязательному социальному страхованию на выплаты денежного содержания и иные выплаты работникам государственных (муниципальных) органов | C23: 01 | D23: 04 | E23: 011У101110 | F23: 129 | G23: 134 | H23: =I23-G23 -> 0 | I23: 134
B24: Расходы на обеспечение функций администрации муниципального образования | C24: 01 | D24: 04 | E24: 011У102000 | G24: =G25+G26+G27+G30+G29+G31+G28 -> 2510.9 | H24: =I24-G24 -> 400 | I24: =I25+I26+I27+I30+I29+I31+I28 -> 2910.9
B25: Закупка товаров, работ, услуг в сфере информационно-коммуникационных технологий | C25: 01 | D25: 04 | E25: 011У102291 | F25: 242 | G25: 100 | H25: =I25-G25 -> 0 | I25: 100
B26: Закупка энергетических ресурсов | C26: 01 | D26: 04 | E26: 011У10219К | F26: 247 | G26: 50 | H26: =I26-G26 -> 0 | I26: 50
B27: Прочая закупка товаров, работ и услуг для обеспечения государственных (муниципальных) нужд | C27: 01 | D27: 04 | E27: 011У10219М | F27: 244 | G27: 500 | H27: =I27-G27 -> 700 | I27: 1200
B28: Лизинговые платежи по договору финансовой аренды (лизинга) не являющимися бюджетными инвестициями | C28: 01 | D28: 04 | E28: 011У10219М | F28: 248 | G28: 1700 | H28: =I28-G28 -> -300 | I28: 1400
B29: Прочая закупка товаров, работ и услуг для обеспечения государственных (муниципальных) нужд | C29: 01 | D29: 04 | E29: 011У10219П | F29: 244 | G29: 4.9 | H29: =I29-G29 -> 0 | I29: 4.9
B30: Уплата налога на имущество организаций и земельного налога | C30: 01 | D30: 04 | E30: 011У10219Н | F30: 851 | G30: 100 | H30: =I30-G30 -> 0 | I30: 100
B31: Уплата иных платежей | C31: 01 | D31: 04 | E31: 011У10219И | F31: 853 | G31: 56 | H31: =I31-G31 -> 0 | I31: 56
A32: 1.3 | B32: Обеспечение деятельности финансовых, налоговых и таможенных органов и органов финансового (финансово-бюджетного) надзора | C32: 01 | D32: 06 | G32: =G33 -> 0.2 | H32: =H33 -> 0 | I32: =I33 -> 0.2
B33: Основное мероприятие "Обеспечение эффективного управления муниципальными финансами" | C33: 01 | D33: 06 | E33: 0130401000 | G33: =G34 -> 0.2 | H33: =H34 -> 0 | I33: =I34 -> 0.2
B34: Иные межбюджетные трансферты | C34: 01 | D34: 06 | E34: 0130401000 | F34: 540 | G34: 0.2 | H34: =I34-G34 -> 0 | I34: 0.2
A35: 1.4 | B35: Резервный фонд | C35: 01 | D35: 11 | G35: =G36 -> 60 | H35: =H36 -> 0 | I35: =I36 -> 60
B36: Резервный фонд местной администрации | C36: 01 | D36: 11 | E36: 016030Ш200 | G36: =G37 -> 60 | H36: =H37 -> 0 | I36: =I37 -> 60
B37: Резервные средства | C37: 01 | D37: 11 | E37: 016030Ш200 | F37: 870 | G37: 60 | H37: =I37-G37 -> 0 | I37: 60
A38: 1.5 | B38: Другие общегосударственные вопросы | C38: 01 | D38: 13 | G38: =G39+G45 -> 5691.7 | H38: =I38-G38 -> 0 | I38: =I39+I45 -> 5691.7
B39: Материально-техническое обеспечение администрации муниципального образования | C39: 01 | D39: 13 | E39: 011У100000 | G39: =G40 -> 4658.4 | H39: =I39-G39 -> 0 | I39: =I40 -> 4658.4
B40: Расходы на выплаты по оплате труда работников администрации муниципального образования | C40: 01 | D40: 13 | E40: 011У10110 | G40: =G41+G42+G43+G44 -> 4658.4 | H40: =I40-G40 -> 0 | I40: =I41+I42+I43+I44 -> 4658.4
B41: Фонд оплаты труда государственных (муниципальных) органов | C41: 01 | D41: 13 | E41: 011У101110 | F41: 121 | G41: 942.5 | H41: =I41-G41 -> 0 | I41: 942.5
B42: Взносы по обязательному социальному страхованию на выплаты денежного содержания и иные выплаты работникам государственных (муниципальных) органов | C42: 01 | D42: 13 | E42: 011У101110 | F42: 129 | G42: 300.7 | H42: =I42-G42 -> 0 | I42: 300.7
B43: Фонд оплаты труда государственных (муниципальных) органов | C43: 01 | D43: 13 | E43: 011У101110 | F43: 111 | G43: 2399.6 | H43: =I43-G43 -> 0 | I43: 2399.6
B44: Взносы по обязательному социальному страхованию на выплаты денежного содержания и иные выплаты работникам государственных (муниципальных) органов | C44: 01 | D44: 13 | E44: 011У101110 | F44: 119 | G44: 1015.6 | H44: =I44-G44 -> 0 | I44: 1015.6
B45: Расходы на обеспечение функций администрации муниципального образования | C45: 01 | D45: 13 | E45: 011У102000 | G45: =G46+G47+G48+G49+G51+G50+G52 -> 1033.3 | H45: =H46+H47+H48+H49+H50+H51+H52 -> 0 | I45: =I46+I47+I48+I49+I51+I50+I52 -> 1033.3
B46: Прочая закупка товаров, работ и услуг для обеспечения государственных (муниципальных) нужд | C46: 01 | D46: 13 | E46: 011У10219С | F46: 244 | G46: 0 | H46: =I46-G46 -> 0 | I46: 0
B47: Прочая закупка товаров, работ и услуг для обеспечения государственных (муниципальных) нужд | C47: 01 | D47: 13 | E47: 011У10219Т | F47: 244 | G47: 250 | H47: =I47-G47 -> 0 | I47: 250 | J47: 2622
B48: Прочая закупка товаров, работ и услуг для обеспечения государственных (муниципальных) нужд | C48: 01 | D48: 13 | E48: 011У10219П | F48: 244 | G48: 293.8 | H48: =I48-G48 -> 0 | I48: 293.8 | J48: 2032
B49: Прочая закупка товаров, работ и услуг для обеспечения государственных (муниципальных) нужд | C49: 01 | D49: 13 | E49: 011У10219Г | F49: 244 | G49: 250 | H49: =I49-G49 -> 0 | I49: 250 | J49: 590
B50: Прочая закупка товаров, работ и услуг для обеспечения государственных (муниципальных) нужд | C50: 01 | D50: 13 | E50: 011У10219М | F50: 244 | G50: 200 | H50: 0 | I50: 200
B51: Уплата прочих налогов, сборов | C51: 01 | D51: 13 | E51: 011У10219Н | F51: 852 | G51: 20 | H51: =I51-G51 -> 0 | I51: 20
B52: Прочая закупка товаров, работ и услуг для обеспечения государственных (муниципальных) нужд | C52: 01 | D52: 13 | E52: 0110142140 | F52: 244 | G52: 19.5 | H52: =I52-G52 -> 0 | I52: 19.5
A53: 2. | B53: Национальная оборона | C53: 02 | G53: =G54 -> 191.3 | H53: =I53-G53 -> 1.4 | I53: =I54 -> 192.7
A54: 2.1 | B54: Мобилизационная и вневойсковая подготовка | C54: 02 | D54: 03 | G54: =G55 -> 191.3 | H54: =H55 -> 1.4 | I54: =I55 -> 192.7
B55: Осуществление первичного воинского учета на территориях, где отсутствуют военные комиссариаты | C55: 02 | D55: 03 | E55: 0160151181 | G55: =G56+G57 -> 191.3 | H55: =H56+H57 -> 1.4 | I55: =I56+I57 -> 192.7
B56: Фонд оплаты труда государственных (муниципальных) органов | C56: 02 | D56: 03 | E56: 0160151181 | F56: 121 | G56: 146.9 | H56: =I56-G56 -> 1.1 | I56: 148
B57: Взносы по обязательному социальному страхованию на выплаты денежного содержания и иные выплаты работникам государственных (муниципальных) органов | C57: 02 | D57: 03 | E57: 0160151181 | F57: 129 | G57: 44.4 | H57: =I57-G57 -> 0.3 | I57: 44.7
A58: 3. | B58: Национальная безопастность и правоохранительная деятельность | C58: 03 | G58: =G59+G63+G67 -> 360.8 | H58: =I58-G58 -> 55 | I58: =I59+I63+I67 -> 415.8
A59: 3.1 | B59: Защита населения и территории от последствий чрезвычайных ситуаций природного и техногенного характера, гражданская оборона | C59: 03 | D59: 09 | G59: =G60 -> 300 | H59: =H60 -> 0 | I59: =I60 -> 300
B60: Основное мероприятие "Обеспечение безопасности населения" | C60: 03 | D60: 09 | E60: 0160300000 | G60: =G61+G62 -> 300 | H60: =H61+H62 -> 0 | I60: =I61+I62 -> 300 | J60: =J61+J62 -> 0 | K60: =K61+K62 -> 0
B61: Прочая закупка товаров, работ и услуг для обеспечения государственных (муниципальных) нужд | C61: 03 | D61: 09 | E61: 0160301000 | F61: 244 | G61: 150 | H61: =I61-G61 -> 0 | I61: 150
B62: Прочая закупка товаров, работ и услуг для обеспечения государственных (муниципальных) нужд | C62: 03 | D62: 09 | E62: 0160304000 | F62: 244 | G62: 150 | H62: 0 | I62: 150
A63: 3.2 | B63: Обеспечение пожарной безопасности | C63: 03 | D63: 10 | G63: =G64 -> 40.8 | H63: =H64 -> 55 | I63: =I64 -> 95.8
B64: Основное мероприятие "Обеспечение безопасности населения" | C64: 03 | D64: 10 | E64: 0160305000 | G64: =G65 -> 40.8 | H64: =I64-G64 -> 55 | I64: =I65+I66 -> 95.8
B65: Прочая закупка товаров, работ и услуг для обеспечения государственных (муниципальных) нужд | C65: 03 | D65: 10 | E65: 0160305000 | F65: 244 | G65: 40.8 | H65: =I65-G65 -> 0 | I65: 40.8
B66: Прочая закупка товаров, работ и услуг для обеспечения государственных (муниципальных) нужд | C66: 03 | D66: 10 | E66: 016030Ш100 | F66: 244 | G66: 0 | H66: =I66-G66 -> 55 | I66: 55
A67: 3.3 | B67: Другие вопросы в области национальной безопасности и правоохранительной деятельности | C67: 03 | D67: 14 | G67: =G68+G70+G72 -> 20 | H67: =I67-G67 -> 0 | I67: =I68+I70+I72 -> 20
B68: Основное мероприятие "Профилактика терроризма, экстремизма, обеспечение межнационального и межконфессионального согласия, другие вопросы в области национальной безопасности " | C68: 03 | D68: 14 | E68: 0160101000 | G68: =G69 -> 10 | H68: =H69 -> 0 | I68: =I69 -> 10
B69: Прочая закупка товаров, работ и услуг для государственных (муниципальных)нужд | C69: 03 | D69: 14 | E69: 0160101000 | F69: 244 | G69: 10 | H69: =I69-G69 -> 0 | I69: 10
B70: Основное мероприятие "Комплекс мер по противодействию, злоупотреблению наркотических средств и их незаконному обороту" | C70: 03 | D70: 14 | E70: 0160402000 | G70: =G71 -> 5 | H70: =H71 -> 0 | I70: =I71 -> 5
B71: Прочая закупка товаров, работ и услуг для государственных (муниципальных)нужд | C71: 03 | D71: 14 | E71: 0160402000 | F71: 244 | G71: 5 | H71: =I71-G71 -> 0 | I71: 5
B72: Основное мероприятие "Противодействие коррупции" | C72: 03 | D72: 14 | E72: 0160501000 | G72: =G73 -> 5 | H72: =H73 -> 0 | I72: =I73 -> 5
B73: Прочая закупка товаров, работ и услуг для государственных (муниципальных)нужд | C73: 03 | D73: 14 | E73: 0160501000 | F73: 244 | G73: 5 | H73: =I73-G73 -> 0 | I73: 5
A74: 4. | B74: Национальная экономика | C74: 04 | G74: =G78+G75 -> 1000 | H74: =I74-G74 -> 600 | I74: =I78+I75 -> 1600
A75: 4.1 | B75: Дорожное хозяйство (дорожные фонды) | C75: 04 | D75: 09 | G75: =G76 -> 600 | H75: =H76 -> 600 | I75: =I76 -> 1200
B76: Основное мероприятие "Обслуживание дорог местного значения в рамках переданных полномочий" | C76: 04 | D76: 09 | E76: 0140300000 | G76: =G77 -> 600 | H76: =H77 -> 600 | I76: =I77 -> 1200
B77: Прочая закупка товаров, работ и услуг для государственных (муниципальных)нужд | C77: 04 | D77: 09 | E77: 0140300Д00 | F77: 244 | G77: 600 | H77: =I77-G77 -> 600 | I77: 1200
A78: 4.2 | B78: Другие вопросы в области национальной экономики | C78: 04 | D78: 12 | G78: =SUM(G79) -> 400 | H78: =SUM(H79) -> 0 | I78: =SUM(I79) -> 400
B79: Основное мероприятие "Развитие жилищного строительства" | C79: 04 | D79: 12 | E79: 0140102000 | G79: =G80 -> 400 | H79: =I79-G79 -> 0 | I79: =I80 -> 400
B80: Прочая закупка товаров, работ и услуг для государственных (муниципальных)нужд | C80: 04 | D80: 12 | E80: 0140102000 | F80: 244 | G80: 400 | H80: =I80-G80 -> 0 | I80: 400
A81: 5. | B81: Жилищно-коммунальное хозяйство | C81: 05 | G81: =G82+G89 -> 6871 | H81: =I81-G81 -> -551 | I81: =I82+I89 -> 6320
A82: 5.1 | B82: Коммунальное хозяйство | C82: 05 | D82: 02 | G82: =G83 -> 539.3 | H82: =I82-G82 -> 0 | I82: =I83 -> 539.3
B83: Основное мероприятие "Развитие жилищно-коммунальной комплекса" | C83: 05 | D83: 02 | E83: 01402000000 | G83: =G84+G85+G86 -> 539.3 | H83: =H84+H85+H86 -> 0 | I83: =I84+I85+I86 -> 539.3
B84: Закупка энергетических ресурсов | C84: 05 | D84: 02 | E84: 0140100000 | F84: 247 | G84: 100 | H84: =I84-G84 -> 0 | I84: 100
B85: Прочая закупка товаров, работ и услуг для государственных (муниципальных)нужд | C85: 05 | D85: 02 | E85: 0140100000 | F85: 244 | G85: 290.6 | H85: =I85-G85 -> 0 | I85: 290.6
B86: Исполнение переданных полночий в сфере водоснабжения населения | C86: 05 | D86: 02 | E86: 0140100000 | G86: =G87+G88 -> 148.7 | H86: =H87+H88 -> 0 | I86: =I87+I88 -> 148.7
B87: Прочая закупка товаров, работ и услуг для государственных (муниципальных)нужд | C87: 05 | D87: 02 | E87: 0140100020 | F87: 244 | G87: 93.6 | H87: =I87-G87 -> 0 | I87: 93.6
B88: Закупка энергетических ресурсов | C88: 05 | D88: 02 | E88: 0140100020 | F88: 247 | G88: 55.1 | H88: =I88-G88 -> 0 | I88: 55.1
A89: 5.2 | B89: Благоустройство | C89: 05 | D89: 03 | G89: =G90+G92+G94 -> 6331.7 | H89: =H90+H92+H94 -> -551 | I89: =I90+I92+I94 -> 5780.7 | J89: 3213
B90: Основное мероприятие "Повышение уровня благоустройства территории поселения" | C90: 05 | D90: 03 | E90: 0140401000 | G90: =G91 -> 20 | H90: =H91 -> 0 | I90: =I91 -> 20 | J90: 2468 | M90: 0
B91: Прочая закупка товаров, работ и услуг для обеспечения государственных (муниципальных) нужд | C91: 05 | D91: 03 | E91: 0140401000 | F91: 244 | G91: 20 | H91: =I91-G91 -> 0 | I91: 20 | J91: 745
B92: Основное мероприятие "Повышение уровня благоустройства территории поселения" | C92: 05 | D92: 03 | E92: 0140402000 | G92: =G93 -> 3092.9 | H92: =H93 -> 26.2 | I92: =I93 -> 3119.1
B93: Прочая закупка товаров, работ и услуг для государственных (муниципальных)нужд | C93: 05 | D93: 03 | E93: 0140402000 | F93: 244 | G93: =3054.3+38.6 -> 3092.9 | H93: =I93-G93 -> 26.2 | I93: 3119.1
B94: Основное мероприятие "Повышение уровня благоустройства территории поселения" | C94: 05 | D94: 03 | E94: 0140400000 | G94: =G95+G96 -> 3218.8 | H94: =H95+H96 -> -577.2 | I94: =I95+I96 -> 2641.6
B95: Прочая закупка товаров, работ и услуг для государственных (муниципальных)нужд | C95: 05 | D95: 03 | E95: 0140400001 | F95: 244 | G95: 0 | H95: =I95-G95 -> 0 | I95: 0
B96: Прочая закупка товаров, работ и услуг для государственных (муниципальных)нужд | C96: 05 | D96: 03 | E96: 0140400030 | F96: 244 | G96: 3218.8 | H96: =I96-G96 -> -577.2 | I96: 2641.6
A97: 6. | B97: Культура, кинематография | C97: 08 | G97: =G98 -> 20500.5 | H97: =I97-G97 -> -113.1 | I97: =I98 -> 20387.4
A98: 6.1 | B98: Культура | C98: 08 | D98: 01 | G98: =G99 -> 20500.5 | H98: =H99+H111 -> -113.1 | I98: =I99 -> 20387.4
B99: Основное мероприятие Создание условий функционирования объектов культуры и спорта | C99: 08 | D99: 01 | E99: 0120100000 | G99: =G100+G111 -> 20500.5 | H99: =H100+H111 -> -113.1 | I99: =I100+I111 -> 20387.4
B100: Создание условий для полноценного функционирования объектов культуры | C100: 08 | D100: 01 | E100: 0120102000 | G100: =SUM(G101:G110) -> 19950.9 | H100: =I100-G100 -> -113.1 | I100: =SUM(I101:I110) -> 19837.8
B101: Фонд оплаты труда казенных учреждений | C101: 08 | D101: 01 | E101: 0120102110 | F101: 111 | G101: 1319.5 | H101: =I101-G101 -> 140 | I101: 1459.5
B102: Взносы по обязательному социальному страхованию на выплаты денежного содержания и иные выплаты работникам казенных учреждений | C102: 08 | D102: 01 | E102: 0120102110 | F102: 119 | G102: 444.6 | H102: =I102-G102 -> 0 | I102: 444.6
B103: Закупка товаров, работ, услуг в сфере информационно-коммуникационных технологий | C103: 08 | D103: 01 | E103: 012010229П | F103: 242 | G103: 150 | H103: =I103-G103 -> 0 | I103: 150
B104: Закупка товаров, работ, услуг в сфере информационно-коммуникационных технологий | C104: 08 | D104: 01 | E104: 012010229М | F104: 242 | G104: 0 | H104: =I104-G104 -> 0 | I104: 0
B105: Закупка энергетических ресурсов | C105: 08 | D105: 01 | E105: 012010219К | F105: 247 | G105: 75 | H105: =I105-G105 -> 0 | I105: 75
...

Sheet 9
H1: Приложение № 5 к Решению «О бюджете муниципального образование Узнезинское сельское поселение" на 2025 год и на плановый период 2026-2027 годов»
H2: Приложение № 9 к Решению «О бюджете муниципального образование Узнезинское сельское поселение" на 2025 год и на плановый период 2026-2027 годов»
A4: Ведомственная структура расходов местного бюджета на 2025 год
J6: (тыс. рублей)
A7: № п/п | B7: Наименование показателей | C7: Коды бюджетной классификации | H7: Утвержденные показатели на 2025 г. | I7: Изменения (+/-) | J7: Сумма с учетом изменений на 2025 год
C8: вдомства | D8: Раздел | E8: Подраздел | F8: Целевая статья | G8: Вид расходов | K8: изменения(+,-) | L8: сумма с учетом изменений на 2022г
A9: 1 | B9: 2 | C9: 3 | D9: 4 | E9: 5 | F9: 6 | G9: 7 | H9: 8 | I9: 9 | J9: 10
A10: 1. | B10: Общегосударственные вопросы | C10: 801 | D10: 01 | H10: =H11+H16+H36+H30+H33 -> 9591.1 | I10: =I11+I16+I36+I30+I33 -> 400 | J10: =J11+J16+J36+J30+J33 -> 9991.1
A11: 1.1 | B11: Функционирование высшего должностного лица субъекта РФ и муниципального образования | C11: 801 | D11: 01 | E11: 02 | H11: =H12 -> 759 | I11: =I12 -> 0 | J11: =J12 -> 759
B12: Глава муниципального образования | C12: 801 | D12: 01 | E12: 02 | F12: 0110101000 | H12: =H13+H15+H14 -> 759 | I12: =I13+I14+I15 -> 0 | J12: =J13+J15+J14 -> 759
B13: Фонд оплаты труда государственных (муниципальных) органов | C13: 801 | D13: 01 | E13: 02 | F13: 0110101110 | G13: 121 | H13: 549.3 | I13: =J13-H13 -> 0 | J13: 549.3
B14: Иные выплаты персоналу государственных (муниципальных) органов, за исключением фонда оплаты труда | C14: 801 | D14: 01 | E14: 02 | F14: 0110101120 | G14: 122 | H14: 32.9 | I14: =J14-H14 -> 0 | J14: 32.9
B15: Взносы по обязательному социальному страхованию на выплаты денежного содержания и иные выплаты работникам государственных (муниципальных) органов | C15: 801 | D15: 01 | E15: 02 | F15: 0110101110 | G15: 129 | H15: 176.8 | I15: =J15-H15 -> 0 | J15: 176.8
A16: 1.2 | B16: Функционирование Правительства Российской Федерации, высших исполнительных органов государственной власти субъектов Российской Федерации, местных администраций | C16: 801 | D16: 01 | E16: 04 | H16: =H17 -> 3080.2 | I16: =I17 -> 400 | J16: =J17 -> 3480.2
B17: Материально-техническое обеспечение администрации муниципального образования | C17: 801 | D17: 01 | E17: 04 | F17: 011У100000 | H17: =H18+H22 -> 3080.2 | I17: =I18+I22 -> 400 | J17: =J18+J22 -> 3480.2
B18: Расходы на выплаты по оплате труда работников администрации муниципального образования | C18: 801 | D18: 01 | E18: 04 | F18: 011У101000 | H18: =H19+H20+H21 -> 569.3 | I18: =I19+I20+I21 -> 0 | J18: =J19+J20+J21 -> 569.3
B19: Фонд оплаты труда государственных (муниципальных) органов | C19: 801 | D19: 01 | E19: 04 | F19: 011У101110 | G19: 121 | H19: 408.4 | I19: =J19-H19 -> 0 | J19: 408.4
B20: Иные выплаты персоналу государственных (муниципальных) органов, за исключением фонда оплаты труда | C20: 801 | D20: 01 | E20: 04 | F20: 011У101120 | G20: 122 | H20: 26.9 | I20: =J20-H20 -> 0 | J20: 26.9
B21: Взносы по обязательному социальному страхованию на выплаты денежного содержания и иные выплаты работникам государственных (муниципальных) органов | C21: 801 | D21: 01 | E21: 04 | F21: 011У101110 | G21: 129 | H21: 134 | I21: =J21-H21 -> 0 | J21: 134
B22: Расходы на обеспечение функций администрации муниципального образования | C22: 801 | D22: 01 | E22: 04 | F22: 011У102000 | H22: =H23+H24+H25+H28+H27+H29+H26 -> 2510.9 | I22: =J22-H22 -> 400 | J22: =J23+J24+J25+J28+J27+J29+J26 -> 2910.9
B23: Закупка товаров, работ, услуг в сфере информационно-коммуникационных технологий | C23: 801 | D23: 01 | E23: 04 | F23: 011У102291 | G23: 242 | H23: 100 | I23: =J23-H23 -> 0 | J23: 100
B24: Закупка энергетических ресурсов | C24: 801 | D24: 01 | E24: 04 | F24: 011У10219К | G24: 247 | H24: 50 | I24: =J24-H24 -> 0 | J24: 50
B25: Прочая закупка товаров, работ и услуг для обеспечения государственных (муниципальных) нужд | C25: 801 | D25: 01 | E25: 04 | F25: 011У10219М | G25: 244 | H25: 500 | I25: =J25-H25 -> 700 | J25: 1200
B26: Лизинговые платежи по договору финансовой аренды (лизинга) не являющимися бюджетными инвестициями | C26: 801 | D26: 01 | E26: 04 | F26: 011У10219М | G26: 248 | H26: 1700 | I26: =J26-H26 -> -300 | J26: 1400
B27: Прочая закупка товаров, работ и услуг для обеспечения государственных (муниципальных) нужд | C27: 801 | D27: 01 | E27: 04 | F27: 011У10219П | G27: 244 | H27: 4.9 | I27: =J27-H27 -> 0 | J27: 4.9
B28: Уплата налога на имущество организаций и земельного налога | C28: 801 | D28: 01 | E28: 04 | F28: 011У10219Н | G28: 851 | H28: 100 | I28: =J28-H28 -> 0 | J28: 100
B29: Уплата иных платежей | C29: 801 | D29: 01 | E29: 04 | F29: 011У10219И | G29: 853 | H29: 56 | I29: =J29-H29 -> 0 | J29: 56
A30: 1.3 | B30: Обеспечение деятельности финансовых, налоговых и таможенных органов и органов финансового (финансово-бюджетного) надзора | C30: 801 | D30: 01 | E30: 06 | H30: =H31 -> 0.2 | I30: =I31 -> 0 | J30: =J31 -> 0.2
B31: Основное мероприятие "Обеспечение эффективного управления муниципальными финансами" | C31: 801 | D31: 01 | E31: 06 | F31: 0130401000 | H31: =H32 -> 0.2 | I31: =I32 -> 0 | J31: =J32 -> 0.2
B32: Иные межбюджетные трансферты | C32: 801 | D32: 01 | E32: 06 | F32: 0130401000 | G32: 540 | H32: 0.2 | I32: =J32-H32 -> 0 | J32: 0.2
A33: 1.4 | B33: Резервный фонд | C33: 801 | D33: 01 | E33: 11 | H33: =H34 -> 60 | I33: =I34 -> 0 | J33: =J34 -> 60
B34: Резервный фонд местной администрации | C34: 801 | D34: 01 | E34: 11 | F34: 016030Ш200 | H34: =H35 -> 60 | I34: =I35 -> 0 | J34: =J35 -> 60
B35: Резервные средства | C35: 801 | D35: 01 | E35: 11 | F35: 016030Ш200 | G35: 870 | H35: 60 | I35: =J35-H35 -> 0 | J35: 60
A36: 1.5 | B36: Другие общегосударственные вопросы | C36: 801 | D36: 01 | E36: 13 | H36: =H37+H43 -> 5691.7 | I36: =J36-H36 -> 0 | J36: =J37+J43 -> 5691.7
B37: Материально-техническое обеспечение администрации муниципального образования | C37: 801 | D37: 01 | E37: 13 | F37: 011У100000 | H37: =H38 -> 4658.4 | I37: =J37-H37 -> 0 | J37: =J38 -> 4658.4
B38: Расходы на выплаты по оплате труда работников администрации муниципального образования | C38: 801 | D38: 01 | E38: 13 | F38: 011У10110 | H38: =H39+H40+H41+H42 -> 4658.4 | I38: =J38-H38 -> 0 | J38: =J39+J40+J41+J42 -> 4658.4
B39: Фонд оплаты труда государственных (муниципальных) органов | C39: 801 | D39: 01 | E39: 13 | F39: 011У101110 | G39: 121 | H39: 942.5 | I39: =J39-H39 -> 0 | J39: 942.5
B40: Взносы по обязательному социальному страхованию на выплаты денежного содержания и иные выплаты работникам государственных (муниципальных) органов | C40: 801 | D40: 01 | E40: 13 | F40: 011У101110 | G40: 129 | H40: 300.7 | I40: =J40-H40 -> 0 | J40: 300.7
B41: Фонд оплаты труда государственных (муниципальных) органов | C41: 801 | D41: 01 | E41: 13 | F41: 011У101110 | G41: 111 | H41: 2399.6 | I41: =J41-H41 -> 0 | J41: 2399.6
B42: Взносы по обязательному социальному страхованию на выплаты денежного содержания и иные выплаты работникам государственных (муниципальных) органов | C42: 801 | D42: 01 | E42: 13 | F42: 011У101110 | G42: 119 | H42: 1015.6 | I42: =J42-H42 -> 0 | J42: 1015.6
B43: Расходы на обеспечение функций администрации муниципального образования | C43: 801 | D43: 01 | E43: 13 | F43: 011У102000 | H43: =H44+H45+H46+H47+H49+H48+H50 -> 1033.3 | I43: =I44+I45+I46+I47+I48+I49+I50 -> 0 | J43: =J44+J45+J46+J47+J49+J48+J50 -> 1033.3
B44: Прочая закупка товаров, работ и услуг для обеспечения государственных (муниципальных) нужд | C44: 801 | D44: 01 | E44: 13 | F44: 011У10219С | G44: 244 | H44: 0 | I44: =J44-H44 -> 0 | J44: 0
B45: Прочая закупка товаров, работ и услуг для обеспечения государственных (муниципальных) нужд | C45: 801 | D45: 01 | E45: 13 | F45: 011У10219Т | G45: 244 | H45: 250 | I45: =J45-H45 -> 0 | J45: 250
B46: Прочая закупка товаров, работ и услуг для обеспечения государственных (муниципальных) нужд | C46: 801 | D46: 01 | E46: 13 | F46: 011У10219П | G46: 244 | H46: 293.8 | I46: =J46-H46 -> 0 | J46: 293.8
B47: Прочая закупка товаров, работ и услуг для обеспечения государственных (муниципальных) нужд | C47: 801 | D47: 01 | E47: 13 | F47: 011У10219Г | G47: 244 | H47: 250 | I47: =J47-H47 -> 0 | J47: 250
B48: Прочая закупка товаров, работ и услуг для обеспечения государственных (муниципальных) нужд | C48: 801 | D48: 01 | E48: 13 | F48: 011У10219М | G48: 244 | H48: 200 | I48: 0 | J48: 200
B49: Уплата прочих налогов, сборов | C49: 801 | D49: 01 | E49: 13 | F49: 011У10219Н | G49: 852 | H49: 20 | I49: =J49-H49 -> 0 | J49: 20
B50: Прочая закупка товаров, работ и услуг для обеспечения государственных (муниципальных) нужд | C50: 801 | D50: 01 | E50: 13 | F50: 0110142140 | G50: 244 | H50: 19.5 | I50: =J50-H50 -> 0 | J50: 19.5
A51: 2. | B51: Национальная оборона | C51: 801 | D51: 02 | H51: =H52 -> 191.3 | I51: =J51-H51 -> 1.4 | J51: =J52 -> 192.7
A52: 2.1 | B52: Мобилизационная и вневойсковая подготовка | C52: 801 | D52: 02 | E52: 03 | H52: =H53 -> 191.3 | I52: =I53 -> 1.4 | J52: =J53 -> 192.7
B53: Осуществление первичного воинского учета на территориях, где отсутствуют военные комиссариаты | C53: 801 | D53: 02 | E53: 03 | F53: 0160151181 | H53: =H54+H55 -> 191.3 | I53: =I54+I55 -> 1.4 | J53: =J54+J55 -> 192.7
B54: Фонд оплаты труда государственных (муниципальных) органов | C54: 801 | D54: 02 | E54: 03 | F54: 0160151181 | G54: 121 | H54: 146.9 | I54: =J54-H54 -> 1.1 | J54: 148
B55: Взносы по обязательному социальному страхованию на выплаты денежного содержания и иные выплаты работникам государственных (муниципальных) органов | C55: 801 | D55: 02 | E55: 03 | F55: 0160151181 | G55: 129 | H55: 44.4 | I55: =J55-H55 -> 0.3 | J55: 44.7
A56: 3. | B56: Национальная безопастность и правоохранительная деятельность | C56: 801 | D56: 03 | H56: =H57+H61+H65 -> 360.8 | I56: =J56-H56 -> 55 | J56: =J57+J61+J65 -> 415.8
A57: 3.1 | B57: Защита населения и территории от последствий чрезвычайных ситуаций природного и техногенного характера, гражданская оборона | C57: 801 | D57: 03 | E57: 09 | H57: =H58 -> 300 | I57: =I58 -> 0 | J57: =J58 -> 300
B58: Основное мероприятие "Обеспечение безопасности населения" | C58: 801 | D58: 03 | E58: 09 | F58: 0160300000 | H58: =H59+H60 -> 300 | I58: =I59+I60 -> 0 | J58: =J59+J60 -> 300
B59: Прочая закупка товаров, работ и услуг для обеспечения государственных (муниципальных) нужд | C59: 801 | D59: 03 | E59: 09 | F59: 0160301000 | G59: 244 | H59: 150 | I59: =J59-H59 -> 0 | J59: 150
B60: Прочая закупка товаров, работ и услуг для обеспечения государственных (муниципальных) нужд | C60: 801 | D60: 03 | E60: 09 | F60: 0160304000 | G60: 244 | H60: 150 | I60: 0 | J60: 150
A61: 3.2 | B61: Обеспечение пожарной безопасности | C61: 801 | D61: 03 | E61: 10 | H61: =H62 -> 40.8 | I61: =I62 -> 55 | J61: =J62 -> 95.8
B62: Основное мероприятие "Обеспечение безопасности населения" | C62: 801 | D62: 03 | E62: 10 | F62: 0160305000 | H62: =H63 -> 40.8 | I62: =J62-H62 -> 55 | J62: =J63+J64 -> 95.8
B63: Прочая закупка товаров, работ и услуг для обеспечения государственных (муниципальных) нужд | C63: 801 | D63: 03 | E63: 10 | F63: 0160305000 | G63: 244 | H63: 40.8 | I63: =J63-H63 -> 0 | J63: 40.8
B64: Прочая закупка товаров, работ и услуг для обеспечения государственных (муниципальных) нужд | C64: 801 | D64: 03 | E64: 10 | F64: 016030Ш100 | G64: 244 | H64: 0 | I64: =J64-H64 -> 55 | J64: 55
A65: 3.3 | B65: Другие вопросы в области национальной безопасности и правоохранительной деятельности | C65: 801 | D65: 03 | E65: 14 | H65: =H66+H68+H70 -> 20 | I65: =J65-H65 -> 0 | J65: =J66+J68+J70 -> 20
B66: Основное мероприятие "Профилактика терроризма, экстремизма, обеспечение межнационального и межконфессионального согласия, другие вопросы в области национальной безопасности " | C66: 801 | D66: 03 | E66: 14 | F66: 0160101000 | H66: =H67 -> 10 | I66: =I67 -> 0 | J66: =J67 -> 10
B67: Прочая закупка товаров, работ и услуг для государственных (муниципальных)нужд | C67: 801 | D67: 03 | E67: 14 | F67: 0160101000 | G67: 244 | H67: 10 | I67: =J67-H67 -> 0 | J67: 10
B68: Основное мероприятие "Комплекс мер по противодействию, злоупотреблению наркотических средств и их незаконному обороту" | C68: 801 | D68: 03 | E68: 14 | F68: 0160402000 | H68: =H69 -> 5 | I68: =I69 -> 0 | J68: =J69 -> 5
B69: Прочая закупка товаров, работ и услуг для государственных (муниципальных)нужд | C69: 801 | D69: 03 | E69: 14 | F69: 0160402000 | G69: 244 | H69: 5 | I69: =J69-H69 -> 0 | J69: 5
B70: Основное мероприятие "Противодействие коррупции" | C70: 801 | D70: 03 | E70: 14 | F70: 0160501000 | H70: =H71 -> 5 | I70: =I71 -> 0 | J70: =J71 -> 5
B71: Прочая закупка товаров, работ и услуг для государственных (муниципальных)нужд | C71: 801 | D71: 03 | E71: 14 | F71: 0160501000 | G71: 244 | H71: 5 | I71: =J71-H71 -> 0 | J71: 5
A72: 4. | B72: Национальная экономика | C72: 801 | D72: 04 | H72: =H76+H73 -> 1000 | I72: =J72-H72 -> 600 | J72: =J76+J73 -> 1600
A73: 4.1 | B73: Дорожное хозяйство (дорожные фонды) | C73: 801 | D73: 04 | E73: 09 | H73: =H74 -> 600 | I73: =I74 -> 600 | J73: =J74 -> 1200
B74: Основное мероприятие "Обслуживание дорог местного значения в рамках переданных полномочий" | C74: 801 | D74: 04 | E74: 09 | F74: 0140300000 | H74: =H75 -> 600 | I74: =I75 -> 600 | J74: =J75 -> 1200
B75: Прочая закупка товаров, работ и услуг для государственных (муниципальных)нужд | C75: 801 | D75: 04 | E75: 09 | F75: 0140300Д00 | G75: 244 | H75: 600 | I75: =J75-H75 -> 600 | J75: 1200
A76: 4.2 | B76: Другие вопросы в области национальной экономики | C76: 801 | D76: 04 | E76: 12 | H76: =SUM(H77) -> 400 | I76: =SUM(I77) -> 0 | J76: =SUM(J77) -> 400
B77: Основное мероприятие "Развитие жилищного строительства" | C77: 801 | D77: 04 | E77: 12 | F77: 0140102000 | H77: =H78 -> 400 | I77: =J77-H77 -> 0 | J77: =J78 -> 400
B78: Прочая закупка товаров, работ и услуг для государственных (муниципальных)нужд | C78: 801 | D78: 04 | E78: 12 | F78: 0140102000 | G78: 244 | H78: 400 | I78: =J78-H78 -> 0 | J78: 400
A79: 5. | B79: Жилищно-коммунальное хозяйство | C79: 801 | D79: 05 | H79: =H80+H87 -> 6871 | I79: =J79-H79 -> -550.96 | J79: =J80+J87 -> 6320.04
A80: 5.1 | B80: Коммунальное хозяйство | C80: 801 | D80: 05 | E80: 02 | H80: =H81 -> 539.3 | I80: =J80-H80 -> 0 | J80: =J81 -> 539.3
B81: Основное мероприятие "Развитие жилищно-коммунальной комплекса" | C81: 801 | D81: 05 | E81: 02 | F81: 01402000000 | H81: =H82+H83+H84 -> 539.3 | I81: =I82+I83+I84 -> 0 | J81: =J82+J83+J84 -> 539.3
B82: Закупка энергетических ресурсов | C82: 801 | D82: 05 | E82: 02 | F82: 0140100000 | G82: 247 | H82: 100 | I82: =J82-H82 -> 0 | J82: 100
B83: Прочая закупка товаров, работ и услуг для государственных (муниципальных)нужд | C83: 801 | D83: 05 | E83: 02 | F83: 0140100000 | G83: 244 | H83: 290.6 | I83: =J83-H83 -> 0 | J83: 290.6
B84: Исполнение переданных полночий в сфере водоснабжения населения | C84: 801 | D84: 05 | E84: 02 | F84: 0140100000 | H84: =H85+H86 -> 148.7 | I84: =I85+I86 -> 0 | J84: =J85+J86 -> 148.7
B85: Прочая закупка товаров, работ и услуг для государственных (муниципальных)нужд | C85: 801 | D85: 05 | E85: 02 | F85: 0140100020 | G85: 244 | H85: 93.6 | I85: =J85-H85 -> 0 | J85: 93.6
B86: Закупка энергетических ресурсов | C86: 801 | D86: 05 | E86: 02 | F86: 0140100020 | G86: 247 | H86: 55.1 | I86: =J86-H86 -> 0 | J86: 55.1
A87: 5.2 | B87: Благоустройство | C87: 801 | D87: 05 | E87: 03 | H87: =H88+H90+H92 -> 6331.7 | I87: =I88+I90+I92 -> -550.96 | J87: =J88+J90+J92 -> 5780.74
B88: Основное мероприятие "Повышение уровня благоустройства территории поселения" | C88: 801 | D88: 05 | E88: 03 | F88: 0140401000 | H88: =H89 -> 20 | I88: =I89 -> 0 | J88: =J89 -> 20
B89: Прочая закупка товаров, работ и услуг для обеспечения государственных (муниципальных) нужд | C89: 801 | D89: 05 | E89: 03 | F89: 0140401000 | G89: 244 | H89: 20 | I89: =J89-H89 -> 0 | J89: 20
B90: Основное мероприятие "Повышение уровня благоустройства территории поселения" | C90: 801 | D90: 05 | E90: 03 | F90: 0140402000 | H90: =H91 -> 3092.9 | I90: =I91 -> 26.22 | J90: =J91 -> 3119.12
B91: Прочая закупка товаров, работ и услуг для государственных (муниципальных)нужд | C91: 801 | D91: 05 | E91: 03 | F91: 0140402000 | G91: 244 | H91: =3054.3+38.6 -> 3092.9 | I91: =J91-H91 -> 26.22 | J91: 3119.12
B92: Основное мероприятие "Повышение уровня благоустройства территории поселения" | C92: 801 | D92: 05 | E92: 03 | F92: 0140400000 | H92: =H93+H94 -> 3218.8 | I92: =I93+I94 -> -577.18 | J92: =J93+J94 -> 2641.62
B93: Прочая закупка товаров, работ и услуг для государственных (муниципальных)нужд | C93: 801 | D93: 05 | E93: 03 | F93: 0140400001 | G93: 244 | H93: 0 | I93: =J93-H93 -> 0 | J93: 0
B94: Прочая закупка товаров, работ и услуг для государственных (муниципальных)нужд | C94: 801 | D94: 05 | E94: 03 | F94: 0140400030 | G94: 244 | H94: 3218.8 | I94: =J94-H94 -> -577.18 | J94: 2641.62
A95: 6. | B95: Культура, кинематография | C95: 801 | D95: 08 | H95: =H96 -> 20500.5 | I95: =J95-H95 -> -113.12 | J95: =J96 -> 20387.38
A96: 6.1 | B96: Культура | C96: 801 | D96: 08 | E96: 01 | H96: =H97 -> 20500.5 | I96: =I97+I109 -> -113.12 | J96: =J97 -> 20387.38
B97: Основное мероприятие Создание условий функционирования объектов культуры и спорта | C97: 801 | D97: 08 | E97: 01 | F97: 0120100000 | H97: =H98+H109 -> 20500.5 | I97: =I98+I109 -> -113.12 | J97: =J98+J109 -> 20387.38
B98: Создание условий для полноценного функционирования объектов культуры | C98: 801 | D98: 08 | E98: 01 | F98: 0120102000 | H98: =SUM(H99:H108) -> 19950.9 | I98: =J98-H98 -> -113.12 | J98: =SUM(J99:J108) -> 19837.78
B99: Фонд оплаты труда казенных учреждений | C99: 801 | D99: 08 | E99: 01 | F99: 0120102110 | G99: 111 | H99: 1319.5 | I99: =J99-H99 -> 140 | J99: 1459.5
B100: Взносы по обязательному социальному страхованию на выплаты денежного содержания и иные выплаты работникам казенных учреждений | C100: 801 | D100: 08 | E100: 01 | F100: 0120102110 | G100: 119 | H100: 444.6 | I100: =J100-H100 -> 0 | J100: 444.6
B101: Закупка товаров, работ, услуг в сфере информационно-коммуникационных технологий | C101: 801 | D101: 08 | E101: 01 | F101: 012010229П | G101: 242 | H101: 150 | I101: =J101-H101 -> 0 | J101: 150
B102: Закупка товаров, работ, услуг в сфере информационно-коммуникационных технологий | C102: 801 | D102: 08 | E102: 01 | F102: 012010229М | G102: 242 | H102: 0 | I102: =J102-H102 -> 0 | J102: 0
...

Sheet 13
D1: Приложение №6 к Решению «О бюджете муниципального образование Узнезинское сельское поселение" на 2025 год и плановый период 2026-2027 годов»
D2: Приложение № 13 к Решению «О бюджете муниципального образование Узнезинское сельское поселение" на 2025 год и плановый период 2026-2027 годов»
A4: Распределение бюджетных ассигнований местного бюджета на реализацию муниципальных программ на 2025 год
F6: (тыс. рублей)
A7: КОД | B7: Наименование программы | D7: Сумма | E7: Изменение | F7: Сумма
A8: 01 | B8: Комплексное развитие территории МО "Узнезинское сельское поселение" на 2021-2026 годы | D8: ='7'!G113 -> 38514.7 | E8: =F8-D8 -> 392.3 | F8: ='7'!I113 -> 38907
A9: ИТОГО: | B9: х | F9: =F8 -> 38907

Sheet 18
C1: Приложение № 18 к Решению «О бюджете муниципального образования "Чепошское сельское поселение" на 2018 год и плановый период 2019-2020 годов»
A3: Программа муниципальных внутренних заимствований муниципального образования "Чепошское сельское поселение" на 2018 год
C5: (тыс. рублей)
A6: № п/п | B6: Вид заимствований | C6: Объем привлечения средств | D6: Объем средств, направляемых на погашение суммы основного долга
A7: 1 | B7: Кредиты кредитных организаций в валюте Российской Федерации | C7: 0 | D7: 0
A8: 2 | B8: Бюджетные кредиты от других бюджетов бюджетной системы Российской Федерации | C8: 0 | D8: 0
B9: Итого муниципальные внутренние заимствования МО "Чепошское сельское поселение" | C9: =SUM(C7:C8) -> 0 | D9: =SUM(D7:D8) -> 0

Sheet 19
E1: Приложение № 19 к Решению «О бюджете муниципального образования "Чепошское сельское поселение" на 2018 год и плановый период 2019-2020 годов»
A3: Программа муниципальных внутренних заимствований муниципального образования "Чепошское сельское поселение" на 2019-2020 годы
F5: (тыс. рублей)
A6: № п/п | B6: Вид заимствований | C6: 2019 год | E6: 2020 год
C7: Объем привлечения средств | D7: Объем средств, направляемых на погашение суммы основного долга | E7: Объем привлечения средств | F7: Объем средств, направляемых на погашение суммы основного долга
A8: 1 | B8: Кредиты кредитных организаций в валюте Российской Федерации | C8: 0 | D8: 0 | E8: 0 | F8: 0
A9: 2 | B9: Бюджетные кредиты от других бюджетов бюджетной системы Российской Федерации | C9: 0 | D9: 0 | E9: 0 | F9: 0
B10: Итого муниципальные внутренние заимствования МО "Чепошское сельское поселение" | C10: =SUM(C8:C9) -> 0 | D10: =SUM(D8:D9) -> 0 | E10: =SUM(E8:E9) -> 0 | F10: =SUM(F8:F9) -> 0

Sheet 20
E1: Приложение № 20 к Решению «О бюджете муниципального образования "Чепошское сельское поселение" на 2018 год и плановый период 2019-2020 годов»
A3: Программа муниципальных гарантий муниципального образования "Чепошское сельское поселение" в валюте Российской Федерации на 2018 год
A5: 1. Перечень муниципальных гарантий МО "Чепошское сельское поселение", подлежащих предоставлению в 2018 году
A8: Цель гарантирования | B8: Наименование (категория) принципала | C8: Сумма гарантирования, тыс.рублей | D8: Наличие права регрессного требования гаранта к принципалу | E8: Проверка финансового состояния принципала | F8: Иные условия предоставления муниципальных гарантий
C9: 0
C10: 0
A11: ИТОГО: | C11: 0
A13: 2. Общий объем бюджетных ассигнований, предусмотренных на исполнение муниципальных гарантий муниципального образования "Чепошское сельское поселение" по возможным гарантийным случаям в 2018 году
A16: Исполнение муниципальных гарантий | D16: Объем бюджетных ассигнований на исполнение муниципальных гарантий по возможным гарантийным случаям, тыс. рублей
A17: За счет расходов бюджета муниципального образования | D17: 0
A18: За счет источников финансирования дефицита бюджета | D18: 0

Sheet 21
G1: Приложение № 21 к Решению «О бюджете муниципального образования "Чепошское сельское поселение" на 2018 год и плановый период 2019-2020 годов»
A3: Программа муниципальных гарантий муниципального образования "Чепошское сельское поселение" в валюте Российской Федерации на 2019-2020 годы
A5: 1. Перечень муниципальных гарантий МО "Чепошское сельское поселение", подлежащих предоставлению в 2019-2020 годах
A8: Цель гарантирования | B8: Наименование (категория) принципала | C8: Сумма гарантирования, тыс.рублей | F8: Наличие права регрессного требования гаранта к принципалу | G8: Проверка финансового состояния принципала | H8: Иные условия предоставления муниципальных гарантий
C9: Общая сумма | D9: 2019 год | E9: 2020 год
C10: 0 | D10: 0 | E10: 0
C11: 0 | D11: 0 | E11: 0
A12: ИТОГО: | C12: 0 | D12: 0 | E12: 0
A14: 2. Общий объем бюджетных ассигнований, предусмотренных на исполнение муниципальных гарантий муниципального образования "Чепошское сельское поселение" по возможным гарантийным случаям в 2019-2020 годах
A17: Исполнение муниципальных гарантий | D17: Объем бюджетных ассигнований на исполнение муниципальных гарантий по возможным гарантийным случаям в 2019 году, тыс. рублей | G17: Объем бюджетных ассигнований на исполнение муниципальных гарантий по возможным гарантийным случаям в 2020 году, тыс. рублей
A18: За счет расходов бюджета муниципального образования | D18: 0 | G18: 0
A19: За счет источников финансирования дефицита бюджета | D19: 0 | G19: 0
